 Dungeon Crawl Stone Soup version 0.30-a0-800-g7c544603b3 (webtiles) character file.

Game seed: 798948680188819124

4516 kingofthe the Nimble (level 10, -8/50 HPs)
             Began as a Deep Elf Conjurer on Feb 21, 2023.
             Was a Follower of Sif Muna.
             Mangled by a death yak (23 damage)
             ... on level 8 of the Dungeon.
             The game lasted 00:35:18 (10202 turns).

kingofthe the Nimble (Deep Elf Conjurer)           Turns: 10202, Time: 00:35:18

Health: -8/50      AC:  8    Str:  4    XL:     10   Next: 16%
Magic:  23/23      EV: 15    Int: 24    God:    Sif Muna [*.....]
Gold:   396        SH:  0    Dex: 17    Spells: 9/24 levels left

rFire   . . .      SeeInvis +    q - +2 spear (venom)
rCold   . . .      Faith    .    (no shield)
rNeg    . . .      Spirit   .    x - +1 leather armour {Will+}
rPois   .          Reflect  .    i - +0 helmet
rElec   .          Harm     .    p - +2 cloak
rCorr   .          Rampage  .    (no gloves)
Will    ++...      Archmagi +    (no boots)
Stlth   +++                      (no amulet)
HPRegen 0.28/turn                v - ring of see invisible
MPRegen 0.18/turn                u - ring of the Mage {Wiz Archmagi}

@: no status effects
A: no striking features
a: Renounce Religion, Channel Magic


You were on level 8 of the Dungeon.
You worshipped Sif Muna.
Sif Muna was aware of your devotion.
You visited 2 branches of the dungeon, and saw 9 of its levels.

You collected 396 gold pieces.


   Skills:
 * Level 9.2 Dodging
 + Level 7.1 Stealth
 + Level 7.9 Spellcasting
 + Level 7.3 Conjurations
 + Level 7.7 Hexes
 * Level 3.3 Ice Magic
 - Level 2.0 Air Magic
 + Level 5.5 Poison Magic


You had 9 spell levels left.
You knew the following spells:

 Your Spells              Type           Power      Damage    Failure   Level
a - Magic Dart            Conj           100%       1d8       1%          1
b - Searing Ray           Conj           100%       2d8       1%          2
c - Poisonous Vapours     Pois/Air       82%        N/A       1%          2
d - Mephitic Cloud        Conj/Pois/Air  50%        N/A       1%          3
e - Fulminant Prism       Conj/Hex       31%        3d16      2%          4
f - Hailstorm             Conj/Ice       51%        3d11      1%          3

Your spell library contained the following spells:

 Spells                   Type           Power      Damage    Failure   Level
 Dazzling Flash           Conj/Hex       100%       N/A       1%          3
 Cigotuvi's Dreadful Rot  Necr/Pois/Air  64%        N/A       2%          2
 Beastly Appendage        Tmut           28%        N/A       4%          1
 Spider Form              Tmut/Pois      34%        N/A       4%          3
 Call Imp                 Summ           14%        N/A       8%          2
 Wereblood                Tmut           14%        N/A       8%          2
 Iskenderun's Mystic Bla  Conj/Tloc      40%        2d9       11%         4
 Ice Form                 Ice/Tmut       26%        N/A       24%         4
 Manifold Assault         Tloc           14%        N/A       41%         4
 Simulacrum               Ice/Necr       13%        N/A       97%         6
 Dispersal                Tloc           7%         N/A       99%         6
 Disjunction              Tloc           7%         N/A       100%        8

Inventory:

Hand Weapons
 q - a +2 spear of venom (weapon)
 r - a +0 dagger of speed
 H - a +1 scimitar of flaming
Armour
 i - a +0 helmet (worn)
 p - a +2 cloak (worn)
 x - a +1 leather armour of willpower (worn)
 y - the +11 chain mail "Iptam" {rElec Int+3}
   (You found it on level 6 of the Dungeon)

   Int:       It affects your intelligence (+3).
   rElec:     It insulates you from electricity.
 G - +0 steam dragon scales
Jewellery
 u - the ring of the Mage (right hand) {Wiz Archmagi}
   (You found it on level 5 of the Dungeon)

   [ring of wizardry]

   It improves your spell success rate.
   Archmagi:  It increases the power of your magical spells.
 v - a ring of see invisible (left hand)
 C - a ring of ice
 N - a ring of positive energy
 P - a ring of poison resistance
Wands
 a - a wand of digging (3)
 m - a wand of charming (6)
 F - a wand of light (6)
Scrolls
 e - a scroll of teleportation {@r2}
 f - a scroll of summoning {unknown}
 h - 2 scrolls of identify {@r1}
 k - a scroll of magic mapping
 l - a scroll of noise
 o - a scroll of poison
 t - a scroll of enchant weapon
 w - a scroll of acquirement {unknown}
 A - a scroll of immolation {unknown}
 D - a scroll of fear {unknown}
 E - a scroll of fog {unknown}
Potions
 b - 3 potions of magic
 c - 2 potions of curing {@q1}
 d - 3 potions of attraction
 g - a potion of invisibility {unknown}
 j - 3 potions of heal wounds {@q2}
 n - 3 potions of mutation
 s - 2 potions of degeneration
 z - a potion of brilliance {unknown}
 B - a potion of might
 I - a potion of berserk rage {unknown}

Dungeon Overview and Level Annotations

Branches:
Dungeon (8/15)             Temple (1/1) D:6
   Lair: D:8-11

Altars:
Ashenzari
Cheibriados
Dithmenos
Elyvilon
Fedhas
Gozag
Hepliaklqana
Kikubaaqudgha
Makhleb
Nemelex Xobeh
Okawaru
Qazlal
Ru
Sif Muna
Trog
Uskayaw
Wu Jian
Xom
Yredelemnul
Zin
The Shining One

Shops:
D:6 = D:7

[ #.......####
##....#..#
##....##..#
##....###..#
##...>## #..#
##....## #..#
▓#.....# #..#
▓.....## #..#
▓Y@Y.[# ##..#
▓Y[...# ###...#
▓.....###.....##
▓.....##.......## #
▓...)[....###...###
▓...o....##.##..##.
▓......#.#.⚑.#.#..#
▓..##...#.....).#.##
### ##).##.....##.##


You could see 3 death yaks and an orc warrior (wandering).


Message History

Your +1 spear of venom glows red for a moment.
Okay, then.
There is a stone staircase leading down here.
You climb downwards.
There is a stone staircase leading up here.
You climb upwards.
There is a stone staircase leading down here.
There is an open door here.
There is a stone staircase leading down here.
You climb downwards.
There is a stone staircase leading up here.
There is a stone staircase leading down here.
You climb downwards.
There is a stone staircase leading up here.
The death yak bellows! x3
The death yak barely misses you.
You climb upwards.
There is a stone staircase leading down here.
A boulder beetle is nearby!
There is a stone staircase leading up here.
There is a stone staircase leading up here.
Okay, then.
There is a stone staircase leading down here.
You climb downwards.
The death yak misses you. The death yak gores you. The death yak gores you! x2
* * * LOW HITPOINT WARNING * * *
The death yak gores you.
* * * LOW HITPOINT WARNING * * *
The death yak gores you!!
You die...

Skill      XL: |  1  2  3  4  5  6  7  8  9 10 |
---------------+-------------------------------+-----
Spellcasting   | 4 5 6 7 |  7.9
Dodging        | 3 4 5 6 7 9 |  9.2
Stealth        | 3 4 5 6 7 |  7.1
Conjurations   | 5 6 7 |  7.3
Poison Magic   | 1 2 3 4 5 |  5.5
Air Magic      | 1 2 |  2.0
Hexes          | 3 5 7 |  7.7
Ice Magic      | 2 3 |  3.3

Action                     |  1- 3 |  4- 6 |  7- 9 | 10-12 || total
---------------------------+-------+-------+-------+-------++-------
  Melee: Unarmed           |       |     3 |       |       ||     3
         Spear             |       |       |     1 |       ||     1
   Cast: Magic Dart        |    56 |    65 |    98 |    14 ||   233
         Searing Ray       |     4 |    13 |    42 |     5 ||    64
         Mephitic Cloud    |       |     1 |    15 |     7 ||    23
         Poisonous Vapours |       |     1 |    34 |    17 ||    52
         Hailstorm         |       |       |     1 |       ||     1
         Fulminant Prism   |       |       |    10 |    10 ||    20
  Evoke: Wand              |       |       |       |     2 ||     2
    Use: Scroll            |       |       |       |     9 ||     9
 Armour: Robe              |     1 |     3 |    11 |       ||    15
         Leather armour    |       |       |     3 |     4 ||     7
  Dodge: Dodged            |     2 |     7 |    45 |     6 ||    60

Levels and vault maps discovered:
D:1:      minmay_arrival_loop, layout_basic
D:2:      layout_loops_corners, basic_altar, uniq_robin, uniq_natasha
D:3:      layout_rooms, ebering_ecumenical_altar_petrified, uniq_ijyb
D:4:      layout_loops_ring, mainiacjoe_overflow_cross_hatched, kennysheep_boxes
D:5:      layout_basic, ebering_dispersal_statue_hall, minmay_diced_spiral
D:6:      layout_gridville, bloody_trog, minmay_temple_entry_slanted,
          small_statue_intersection, eino_tiny_chamber,
          minmay_shop_enchanted_jewellery,
          nicolae_concentric_dashed_squares_mild, kennysheep_doodads,
          uniq_crazy_yiuf_cottage
D:7:      layout_rooms, kennysheep_little_box, serial_shops,
          nicolae_shop_statue_plus, uniq_maggie
D:8:      minmay_imperfect_grid, layout_layer_cave,
          nicolae_dithmenos_through_a_glass_darkly, dpeg_lair_monsters
Temple:   sentei_temple_godly_chess

Notes
Turn   | Place    | Note
-------+----------+-------------------------------------------
     0 | D:1      | kingofthe the Deep Elf Conjurer began the quest for the
                  | Orb.
     0 | D:1      | Reached XP level 1. HP: 10/10 MP: 6/6
   442 | D:1      | Reached skill level 4 in Spellcasting
   442 | D:1      | Reached XP level 2. HP: 15/15 MP: 3/9
   596 | D:1      | Learned a level 2 spell: Searing Ray
  1266 | D:2      | Reached XP level 3. HP: 19/19 MP: 8/10
  1394 | D:2      | Noticed Natasha
  1398 | D:2      | Killed Natasha
  1399 | D:2      | Reached skill level 3 in Dodging
  1592 | D:2      | Learned a level 2 spell: Poisonous Vapours
  1689 | D:2      | Found a sacrificial altar of Ru.
  1790 | D:2      | Noticed Robin
  1865 | D:2      | Killed Robin
  1866 | D:2      | Reached skill level 3 in Stealth
  1866 | D:2      | Reached XP level 4. HP: 24/24 MP: 3/12
  2439 | D:3      | Noticed Ijyb
  2457 | D:3      | Killed Ijyb
  2564 | D:3      | Found a faded altar of an unknown god.
  2663 | D:3      | Reached skill level 5 in Conjurations
  2820 | D:3      | Reached skill level 4 in Dodging
  2820 | D:3      | Reached skill level 1 in Poison Magic
  2820 | D:3      | Reached XP level 5. HP: 28/28 MP: 7/14
  2954 | D:3      | Learned a level 3 spell: Mephitic Cloud
  3118 | D:4      | Found a glowing silver altar of Zin.
  3283 | D:4      | Noticed an ice beast
  3290 | D:4      | Killed an ice beast
  3291 | D:4      | Reached skill level 1 in Air Magic
  3495 | D:4      | Reached skill level 5 in Spellcasting
  3495 | D:4      | Reached skill level 2 in Poison Magic
  3495 | D:4      | Reached XP level 6. HP: 32/32 MP: 7/15
  3750 | D:4      | Reached skill level 4 in Stealth
  4104 | D:5      | Entered Level 5 of the Dungeon
  4104 | D:5      | Found the ring of the Mage {Wiz Archmagi}
  4129 | D:5      | Reached skill level 2 in Air Magic
  4141 | D:5      | Learned a level 4 spell: Fulminant Prism
  4184 | D:5      | Reached skill level 5 in Dodging
  4218 | D:5      | Reached XP level 7. HP: 36/36 MP: 12/16
  4222 | D:5      | Reached skill level 1 in Hexes
  4401 | D:5      | Reached skill level 2 in Hexes
  4401 | D:5      | Reached skill level 3 in Poison Magic
  4684 | D:5      | Reached skill level 3 in Hexes
  4980 | D:5      | Reached skill level 6 in Dodging
  4980 | D:5      | Reached XP level 8. HP: 30/41 MP: 14/18
  5085 | D:5      | Learned a level 3 spell: Hailstorm
  5289 | D:6      | Reached skill level 6 in Spellcasting
  5450 | D:6      | Reached skill level 5 in Stealth
  5450 | D:6      | Reached skill level 4 in Hexes
  5563 | D:6      | Reached skill level 6 in Conjurations
  5958 | D:6      | Found a staircase to the Ecumenical Temple.
  5991 | Temple   | Entered the Ecumenical Temple
  5997 | Temple   | Became a worshipper of Sif Muna the Loreminder
  6077 | D:6      | Reached skill level 5 in Hexes
  6077 | D:6      | Reached skill level 4 in Poison Magic
  6132 | D:6      | Identified the +11 chain mail "Iptam" {rElec Int+3}
  6181 | D:6      | Found a bloodstained altar of Trog.
  6393 | D:6      | Found a runed translucent door.
  6395 | D:6      | Noticed Crazy Yiuf
  6502 | D:6      | Found Tedergh's Jewellery Shoppe.
  6636 | D:7      | Reached skill level 7 in Dodging
  7088 | D:7      | Reached XP level 9. HP: 45/45 MP: 14/21
  7139 | D:7      | Reached skill level 6 in Hexes
  7272 | D:7      | Found a blossoming altar of Fedhas.
  7363 | D:7      | Noticed Maggie
  7462 | D:6      | Killed Crazy Yiuf
  7463 | D:6      | Reached skill level 6 in Stealth
  7623 | D:7      | Reached skill level 7 in Spellcasting
  7780 | D:7      | Reached * piety under Sif Muna
  7821 | D:7      | Killed Maggie
  7822 | D:7      | Reached skill level 8 in Dodging
  7923 | D:7      | Found Zoawu's Antique Armour Shop.
  8092 | D:7      | Reached skill level 7 in Hexes
  8271 | D:8      | Found a shadowy altar of Dithmenos.
  8366 | D:8      | Noticed a death yak
  8367 | D:8      | Noticed a death yak
  8377 | D:8      | Reached skill level 5 in Poison Magic
  8386 | D:8      | Reached skill level 1 in Ice Magic
  8579 | D:8      | Noticed a boulder beetle
  8763 | D:8      | Noticed a death yak
  8878 | D:8      | Reached skill level 7 in Conjurations
  8968 | D:8      | Noticed a two-headed ogre
  8976 | D:8      | Killed a two-headed ogre
  8977 | D:8      | Reached skill level 9 in Dodging
  8977 | D:8      | Reached skill level 2 in Ice Magic
  8977 | D:8      | Reached XP level 10. HP: 50/50 MP: 9/23
  9236 | D:8      | Noticed a two-headed ogre
  9340 | D:8      | Reached skill level 7 in Stealth
  9554 | D:8      | Reached skill level 3 in Ice Magic
 10202 | D:8      | Mangled by a death yak

Vanquished Creatures
  A two-headed ogre (D:8)
  Maggie (D:7)
  A troll (D:8)
  A shadow (D:7)
  A yak (D:8)
  A steam dragon (D:7)
  A water moccasin (D:6)
  An orc warrior (D:8)
  2 ice beasts
  A sky beast (D:8)
  2 ogres
  2 centaurs (D:5)
  A phantom (D:5)
  A kobold brigand (D:8)
  2 necrophages
  2 bullfrogs
  A gnoll sergeant (D:6)
  2 scorpions
  8 wights
  6 killer bees
  6 howler monkeys
  2 jellies
  4 hounds
  Crazy Yiuf (D:6)
  Ijyb (D:3)
  Natasha (D:2)
  3 iguanas
  6 orc wizards
  Robin (D:2)
  6 adders
  6 gnolls
  A river rat (D:8)
  A worm (D:4)
  A dart slug (D:5)
  17 orcs
  8 ball pythons
  2 bats (D:1)
  4 endoplasms
  A giant cockroach (D:1)
  15 goblins
  7 hobgoblins
  8 jackals
  9 quokkas
  2 frilled lizards (D:1)
  3 kobolds
  3 rats
  A fulminant prism (D:7)
158 creatures vanquished.

Vanquished Creatures (others)
  19 fulminant prisms
  75 plants (D:4)
94 creatures vanquished.

Grand Total: 252 creatures vanquished

Table legend: (Time is in decaauts)
 A = Elapsed time spent in this place.
 B = Non-inter-level travel time spent in this place.
 C = Inter-level travel time spent in this place.
 D = Time resting spent in this place.
 E = Time spent auto-exploring this place.
 F = Levels seen in this place.
 G = Mean time per level.
                   A        B        C        D        E       F      G
               +--------+--------+--------+--------+--------+-----+--------+
         Total |  10216 |   9714 |    502 |   1272 |   6750 |   9 | 1135.1 |
       Dungeon |  10204 |   9706 |    498 |   1272 |   6748 |   8 | 1275.5 |
        Temple |     11 |      7 |      4 |      0 |      2 |   1 |   11.0 |
               +--------+--------+--------+--------+--------+-----+--------+

Top non-repeatable levels by time:
     D:7: 2109 daAuts
     D:6: 1442 daAuts
     D:5: 1359 daAuts
     D:1: 1258 daAuts
     D:8: 1185 daAuts
     D:2: 1159 daAuts
     D:4: 1057 daAuts
     D:3: 631 daAuts
  Temple: 11 daAuts

Table legend:
 A = Non-vault XP
 B = Vault XP
 C = Vault XP percentage of total XP
 D = Non-vault monster count
 E = Vault monster count
 F = Vault count percentage of total count
                 A         B        C        D         E       F
            +---------+---------+-------+---------+---------+-------
      Total |    4743 |    1709 |  26.5 |     122 |      35 |  22.3
            +---------+---------+-------+---------+---------+-------
        D:1 |      40 |       0 |   0.0 |      22 |       0 |   0.0
        D:2 |      37 |      71 |  65.7 |       8 |      12 |  60.0
        D:3 |      45 |      36 |  44.4 |       7 |       1 |  12.5
        D:4 |     412 |       0 |   0.0 |      20 |       0 |   0.0
        D:5 |     823 |      36 |   4.2 |      23 |       1 |   4.2
        D:6 |     788 |      41 |   4.9 |      18 |       1 |   5.3
        D:7 |    1407 |     389 |  21.7 |      18 |       1 |   5.3
        D:8 |    1191 |    1136 |  48.8 |       6 |      19 |  76.0
            +---------+---------+-------+---------+---------+-------
